 Dungeon Crawl Stone Soup version 0.17-a0-1545-gc1bb672 (webtiles) character file.

623 PooFace the Ruffian (level 7, -10/70 HPs)
             Began as a Troll Berserker on July 18, 2015.
             Was an Elder of Trog.
             Shot with an arrow by a centaur (12 damage)
             ... on level 5 of the Dungeon.
             The game lasted 00:53:56 (4522 turns).

PooFace the Ruffian (Troll Berserker)               Turns: 4522, Time: 00:53:56

Health: -10/70     AC:  4    Str: 28    XL:     7   Next: 22%
Magic:  6/6        EV: 11    Int:  3    God:    Trog [****..]
Gold:   213        SH:  0    Dex:  9    Spells: 0 memorised, 6 levels left

rFire  . . .     SeeInvis .     f - -3 falchion (curse)
rCold  . . .     Clarity  +     a - +1 animal skin
rNeg   . . .     SustAt   .     (no shield)
rPois  .         Gourm    +     (helmet restricted)
rElec  .         Spirit   .     (no cloak)
rCorr  .         Warding  .     (gloves unavailable)
rMut   .         Stasis   .     (boots unavailable)
MR     .....                    q - amulet of clarity
Stlth  ++........               u - ring of stealth
                                j - -2 ring of protection (curse)

@: about to teleport, not resistant to hostile enchantments, unstealthy
A: unfitting armour, claws 3, fast metabolism 3, gourmand, regeneration 2,
shaggy fur 1, tough skin 2
a: Burn Spellbooks, Berserk, Trog's Hand, Brothers in Arms, Renounce Religion


You were on level 5 of the Dungeon.
You worshipped Trog.
Trog was greatly pleased with you.
You were not hungry.

You visited 2 branches of the dungeon, and saw 6 of its levels.

You collected 213 gold pieces.

Inventory:

Hand weapons
 e - a +0 club
 f - a cursed -3 falchion (weapon)
 i - a +0 dagger
 n - a +0 great sword
 s - a +0 giant spiked club
Missiles
 o - 44 poisoned needles
Armour
 a - a +1 animal skin (worn)
Jewellery
 j - a cursed -2 ring of protection (left claw)
 m - an uncursed ring of protection from fire
 q - an amulet of clarity (around neck)
 r - an uncursed amulet of rage
 u - a ring of stealth (right claw)
Scrolls
 g - a scroll of teleportation
 k - a scroll of magic mapping
Comestibles
 b - 6 bread rations
 d - 3 meat rations
 t - 2 royal jellies


   Skills:
 + Level 4.2 Fighting
 + Level 4.3 Dodging
 + Level 1.2 Stealth
 + Level 5.2 Unarmed Combat


You had 6 spell levels left.
You didn't know any spells.

Dungeon Overview and Level Annotations

Branches:
Dungeon (5/15)             Temple (1/1) D:4

Altars:
Ashenzari
Cheibriados
Fedhas
Gozag
Kikubaaqudgha
Nemelex Xobeh
Okawaru
Qazlal
Sif Muna
Trog
Vehumet
Xom
Yredelemnul
Zin


Innate Abilities, Weirdness & Mutations

You are too large for most types of armour.
You have claws for hands.
Your metabolism is lightning-fast.
You like to eat raw meat.
You heal very quickly.
You are covered in fur (AC +1).
You have very tough skin (AC +2).


Message History

The centaur is severely wounded.
The centaur barely misses you. The centaur completely misses you.
You feel better. The centaur barely misses you.
The centaur hits you but does no damage.
Read which item? (? for menu, Esc to quit)
Okay, then.
You closely miss the centaur.
The centaur is severely wounded.
The centaur hits you!
* * * LOW HITPOINT WARNING * * *
Read which item? (? for menu, Esc to quit)
As you read the scroll of teleportation, it crumbles to dust.
You feel strangely unstable. The centaur hits you.
* * * LOW HITPOINT WARNING * * *
The centaur hits you but does no damage.
The centaur wields an uncursed shortbow.
The centaur shoots an arrow.
The arrow hits you!
* * * LOW HITPOINT WARNING * * *
The centaur shoots an arrow.
The arrow hits you!
You die...

#<# ###.#
#.####.###....#
#............#
######.###.#.#
#.###.#<#######
#.............#
#######.............#
....................#
#######.).....@.....#
#.............#
######....gc.......#
####......(##.#########
.....................
####...(.............
#...(.............
#....)............
#...............".


You could see a centaur and a goblin.

Vanquished Creatures
  A black bear (D:4)
  An ogre (D:3)
  A centaur (D:3)
  3 orc priests (D:4)
  2 orc wizards
  2 worker ants (D:4)
  Robin (D:2)
  4 adders
  2 oozes
  A worm (D:3)
  8 orcs
  A bat skeleton (D:5)
  5 giant cockroaches
  29 goblins
  13 hobgoblins
  3 jackals (D:2)
  11 kobolds
  2 quokkas
  5 ball pythons (D:3)
  9 bats
  A giant gecko (D:3)
  A giant gecko skeleton (D:4)
  A giant newt (D:2)
  11 rats
  3 plants (D:3)
121 creatures vanquished.

Notes
Turn   | Place    | Note
--------------------------------------------------------------
     0 | D:1      | PooFace the Troll Berserker began the quest for the Orb.
     0 | D:1      | Reached XP level 1. HP: 22/22 MP: 0/0
    91 | D:1      | Reached XP level 2. HP: 23/29 MP: 1/1
  1013 | D:2      | Reached XP level 3. HP: 32/36 MP: 2/2
  1132 | D:2      | Found a snail-covered altar of Cheibriados.
  1174 | D:2      | Acquired Trog's second power
  1785 | D:2      | Reached XP level 4. HP: 37/45 MP: 3/3
  1856 | D:2      | Noticed Robin
  1905 | D:2      | Killed Robin
  2162 | D:3      | Noticed a centaur
  2178 | D:3      | Killed a centaur
  2178 | D:3      | Reached XP level 5. HP: 50/53 MP: 4/4
  2182 | D:3      | Reached skill level 4 in Unarmed Combat
  2546 | D:3      | Found an opulent altar of Gozag.
  2764 | D:3      | Noticed an ogre
  2779 | D:3      | Killed an ogre
  2779 | D:3      | Reached XP level 6. HP: 51/62 MP: 5/5
  3232 | D:4      | Found a staircase to the Ecumenical Temple.
  3245 | Temple   | Entered the Ecumenical Temple
  3449 | D:4      | Reached skill level 1 in Stealth
  3462 | D:4      | Reached skill level 5 in Unarmed Combat
  3462 | D:4      | Reached XP level 7. HP: 70/70 MP: 6/6
  4027 | D:4      | Acquired Trog's third power
  4451 | D:5      | Entered Level 5 of the Dungeon
  4522 | D:5      | HP: 2/70 [centaur/arrow (7)]
  4522 | D:5      | Shot with an arrow by a centaur

Vault maps used:
D:1:      minmay_arrival_statue_studded
D:2:      kennysheep_goblin_castle, cheibriados_altar_1, serial_glass,
          glass_columns_b, glass_columns_b, hex_tiny,
          minmay_misc_feat_four_crosses
D:3:      grunt_gozag_breadcrumbs, minmay_shallow_snake_nest
D:4:      black_bear_nest_1, minmay_temple_entry_glassed_door, uniq_robin
D:5:      serial_shops, shop, first_bread, uniq_duvessa
Temple:   minmay_crystal_spiral_temple_12

Action                   |  1- 3 |  4- 6 |  7- 9 || total
-------------------------+-------+-------+-------++-------
Melee: Unarmed           |   117 |   195 |       ||   312
       Falchion          |       |       |    69 ||    69
Invok: Berserk           |       |     1 |       ||     1
  Use: Scroll            |     3 |     4 |     4 ||    11
       Potion            |     2 |     2 |     1 ||     5
 Stab: Sleeping          |       |     3 |       ||     3
  Eat: Chunk             |    16 |     9 |     7 ||    32
       Beef jerky        |     1 |     1 |     1 ||     3
       Meat ration       |       |       |     1 ||     1
       Pizza             |       |       |     1 ||     1
